 Dungeon Crawl Stone Soup version 0.29-a0-416-g83a48905f1 (webtiles) character file.

Game seed: 14446771537715465352

889 dolemite99 the Cruncher (level 7, 0/37 (50) HPs)
             Began as a Demonspawn Gladiator on May 17, 2022.
             Was a Priest of Ru.
             Slain by a lemure (4 damage)
             ... led by Pikel
             ... on level 4 of the Dungeon.
             The game lasted 00:07:15 (6181 turns).

dolemite99 the Cruncher (Demonspawn Gladiator)      Turns: 6181, Time: 00:07:16

HP:   0/37 (50)     AC: 13    Str: 14    XL:     7   Next: 77%
MP:   7/7           EV:  8    Int: 10    God:    Ru [***...]
Gold: 356           SH:  0    Dex: 19    Spells: 6/6 levels left

rFire   . . .      SeeInvis .   a - +4 quarterstaff
rCold   . . .      Faith    .   (shield currently unavailable)
rNeg    . . .      Spirit   .   p - +0 chain mail
rPois   +          Reflect  .   c - +1 helmet
rElec   .          Harm     .   (no cloak)
rCorr   .          Rampage  .   i - +2 pair of gloves "Numutel" {rPois Dex+3}
Will    .....                   (no boots)
Stlth   ..........              q - amulet of the acrobat
HPRegen 0.12/turn               (no ring)
MPRegen 0.10/turn               (no ring)

@: very heavily drained
A: no stealth, inability to use devices, sturdy frame 1, weakness stinger 2
a: Renounce Religion, Draw Out Power


You were on level 4 of the Dungeon.
You worshipped Ru.
Ru was most pleased with you.
You visited 1 branch of the dungeon, and saw 5 of its levels.

You collected 356 gold pieces.

Inventory:

Hand Weapons
 a - a +4 quarterstaff (weapon)
 e - a +2 halberd of protection
 n - a +0 hand crossbow
 r - a +0 mace of protection
 y - a +1 vampiric spear
 A - a +0 trident
Missiles
 d - 3 throwing nets (quivered)
 g - 16 boomerangs
Armour
 c - a +1 helmet (worn)
 h - a +0 ring mail
 i - the +2 pair of gloves "Numutel" (worn) {rPois Dex+3}
   (You acquired it on level 3 of the Dungeon)

   Dex:       It affects your dexterity (+3).
   rPois:     It protects you from poison.
 p - a +0 chain mail (worn)
Jewellery
 k - an amulet of reflection
 m - a ring of willpower
 q - an amulet of the acrobat (around neck)
 x - a ring of ice
Wands
 b - a wand of flame (27)
Scrolls
 s - a scroll of blinking
 u - a scroll of identify {@r1}
 z - a scroll of immolation
 B - 3 scrolls of teleportation
Potions
 f - 2 potions of degeneration
 j - 4 potions of might
 l - a potion of brilliance {unknown}
 o - 3 potions of lignification
 t - 2 potions of berserk rage
 v - a potion of invisibility {unknown}
 w - a potion of curing {unknown}
 C - 2 potions of attraction {unknown}


   Skills:
 - Level 2.0 Fighting
 + Level 8.6 Staves
 - Level 1.7 Throwing
 - Level 2.6 Dodging


You had 6 spell levels left.
You didn't know any spells.
Your spell library contained the following spells:

 Spells                   Type           Power      Damage    Failure   Level
 Slow                     Hex            0%         N/A       99%         1
 Ensorcelled Hibernation  Hex/Ice        0%         N/A       100%        2
 Spider Form              Tmut/Pois      0%         N/A       100%        3
 Anguish                  Hex/Necr       0%         N/A       100%        4


Dungeon Overview and Level Annotations

Branches:
Dungeon (5/15)             Temple (0/1) D:4

Altars:
Ru
Trog
Vehumet

Shops:
D:1 *

Annotations:
D:3 1 runed translucent door, Crazy Yiuf
D:4 exclusion: statue
D:5 Pikel


Innate Abilities, Weirdness & Mutations

You cannot be stealthy.
You cannot study or use magical devices.
Your movements are slightly less encumbered by armour. (ER -2)
You have a tail ending in a sharp stinger.


Message History

* * * LOW HITPOINT WARNING * * *
You feel drained.
* * * LOW HITPOINT WARNING * * *
You are restored by drawing out deep reserves of power within.
You feel drained. The wight hits you with a +4 battleaxe.
You feel drained. The wight barely misses you.
The wight hits you from afar with a +0 trident!
You feel drained.
You thump the wight!
You tail-slap the wight, but do no damage.
The wight is severely damaged.
The wight hits you with a +0 hand axe!
* * * LOW HITPOINT WARNING * * *
The wight barely misses you. x2
Blink to where?
Press: ? - help, Dir - move target
As you read the scroll of blinking, it crumbles to dust.
The lemure shouts!
You hear a howl!
A howler monkey comes into view.
The lemure completely misses you.
There is a stone staircase leading up here.
The howler monkey howls!
The lemure hits you but does no damage.
You climb upwards.
Level annotation: exclusion: statue
There is a stone staircase leading down here.
You sock the lemure!
The lemure is moderately wounded.
You hit the lemure but do no damage.
The lemure is moderately wounded.
The lemure hits you.
* * * LOW HITPOINT WARNING * * *
You sock the lemure!
The lemure is heavily wounded.
You feel less exhausted. The lemure hits you but does no damage.
You closely miss the lemure.
The lemure is heavily wounded.
The lemure hits you.
You die...

#...#.## #.# ##.###.##
#.# #.## ##.# #.#
##.###..# ##.#
##.#.#.########..#
##.##.##...)....#
#.##.##.########
#.##.##5# .... #.##.##@#
#.>.#.> ##### #.##.##.#
#.... ..#....
#.##.##.############..##
#.##.##............##...
#.##....^....)#######.##
#.############# #.#
#.........# #.#
#########.###########.#
#.............##


You could see a lemure.

Vanquished Creatures
  Duvessa (D:4)
  2 water moccasins
  3 lemures (D:5)
  A scorpion (D:5)
  A gnoll sergeant (D:5)
  A necrophage (D:4)
  2 wights (D:5)
  Dowan (D:4)
  A hound (D:5)
  An orc wizard (D:3)
  5 adders
  4 gnolls
  A shadow imp (D:4)
  4 worms
  A dart slug (D:2)
  10 orcs
  8 bats
  9 endoplasms
  A giant cockroach (D:2)
  9 goblins
  8 hobgoblins
  14 kobolds
  6 quokkas
  6 ball pythons
  3 frilled lizards
  3 rats
106 creatures vanquished.

Vanquished Creatures (others)
  A plant (D:1)
1 creature vanquished.

Grand Total: 107 creatures vanquished

Notes
Turn   | Place    | Note
-------+----------+-------------------------------------------
     0 | D:1      | dolemite99 the Demonspawn Gladiator began the quest for the
                  | Orb.
     0 | D:1      | Reached XP level 1. HP: 16/16 MP: 1/1
     2 | D:1      | Noticed a vine stalker
     4 | D:1      | Noticed a troll
     4 | D:1      | Noticed a ghoul
     6 | D:1      | Noticed a spriggan
     8 | D:1      | Noticed a demigod
     8 | D:1      | Noticed a naga
    12 | D:1      | Noticed an ogre
    12 | D:1      | Noticed a formicid
    14 | D:1      | Noticed a dwarf
    16 | D:1      | Noticed a vampire
    16 | D:1      | Noticed a tengu
    18 | D:1      | Noticed a merfolk
    18 | D:1      | Noticed a human
    20 | D:1      | Noticed a gargoyle
    20 | D:1      | Noticed a demonspawn
    22 | D:1      | Noticed an elf
    22 | D:1      | Noticed a minotaur
    24 | D:1      | Noticed a draconian
    24 | D:1      | Noticed an octopode
    26 | D:1      | Noticed a felid
   147 | D:1      | Reached skill level 3 in Staves
   389 | D:1      | Found Nangir's Assorted Antiques.
   404 | D:1      | Gained mutation: You have a small tail. [demonic ancestry]
   404 | D:1      | Reached XP level 2. HP: 18/22 MP: 2/2
  1553 | D:2      | Reached XP level 3. HP: 27/27 MP: 3/3
  1564 | D:2      | Reached skill level 4 in Staves
  1821 | D:2      | Found a faded altar of an unknown god.
  1831 | D:2      | Got Plato's Collected Works on Curses
  1851 | D:2      | Prayed at the altar of an unknown god.
  1851 | D:2      | Became a worshipper of Ru the Awakened
  1886 | D:2      | Gained mutation: You cannot study or use magical devices.
                  | [Ru sacrifice]
  1886 | D:2      | Reached * piety under Ru
  1886 | D:2      | Reached ** piety under Ru
  2151 | D:3      | Gained mutation: Your movements are slightly less
                  | encumbered by armour. (ER -2) [demonic ancestry]
  2151 | D:3      | Reached XP level 4. HP: 12/33 MP: 4/4
  2812 | D:3      | Found a runed translucent door.
  2813 | D:3      | Noticed Crazy Yiuf
  2848 | D:3      | Reached skill level 5 in Staves
  3181 | D:3      | Identified a scroll of acquirement
  3181 | D:3      | Acquired the +2 pair of gloves "Numutel" {rPois Dex+3}
  3273 | D:3      | Reached XP level 5. HP: 38/38 MP: 5/5
  4195 | D:4      | Found a bloodstained altar of Trog.
  4692 | D:4      | Noticed a water moccasin
  4696 | D:4      | Noticed Duvessa
  4698 | D:4      | Killed a water moccasin
  4699 | D:4      | Reached skill level 6 in Staves
  4699 | D:4      | Gained mutation: You have a tail ending in a sharp stinger.
                  | [demonic ancestry]
  4699 | D:4      | Reached XP level 6. HP: 40/44 MP: 6/6
  4708 | D:4      | Killed Duvessa
  4709 | D:4      | Reached skill level 7 in Staves
  4709 | D:4      | Noticed Dowan
  4721 | D:4      | Killed Dowan
  5071 | D:4      | Found a radiant altar of Vehumet.
  5150 | D:4      | Found a staircase to the Ecumenical Temple.
  5259 | D:5      | Entered Level 5 of the Dungeon
  5303 | D:5      | Reached XP level 7. HP: 47/50 MP: 7/7
  5357 | D:5      | Reached skill level 8 in Staves
  5515 | D:5      | Noticed Pikel
  6020 | D:5      | Gained mutation: You cannot be stealthy. [Ru sacrifice]
  6020 | D:5      | Reached *** piety under Ru
  6181 | D:4      | Slain by a lemure

Illustrated notes

Levels and vault maps discovered:
D:1:      kb_arrival_jail, layout_basic, serial_shops,
          nicolae_shop_advertising_works [nicolae_subvault_shop_adworks],
          chequers_serial_rivers_small_b, kennysheep_boxes
D:2:      layout_basic, shapermc_ecumenical_altar_rom_forum,
          minmay_joined_circles
D:3:      minmay_bubble_buster, layout_basic, uniq_crazy_yiuf_cottage
D:4:      kennysheep_spiral_hall, layout_loops_ring,
          mainiacjoe_overflow_small_starburst, vehumet_statue,
          minmay_temple_entry_from_below_a, uniq_duvessa
D:5:      layout_gridville, corexii_hall_statues_i, uniq_pikel

Skill      XL: |  1  2  3  4  5  6  7 |
---------------+----------------------+-----
Staves         | 3 4 5 6 7 8 |  8.6
Fighting       | |  2.0
Throwing       | |  1.7
Dodging        | |  2.6

Action                   |  1- 3 |  4- 6 |  7- 9 || total
-------------------------+-------+-------+-------++-------
Melee: Quarterstaff      |    89 |   139 |    64 ||   292
       Tailslap          |    11 |    16 |    10 ||    37
Throw: Javelin           |    24 |    14 |     3 ||    41
Invok: Sacrifice Artific |     1 |       |       ||     1
       Draw Out Power    |       |       |     1 ||     1
       Sacrifice Stealth |       |       |     1 ||     1
  Use: Scroll            |     3 |    14 |     2 ||    19
       Potion            |       |     3 |       ||     3
 Stab: Invisible         |       |     3 |       ||     3
Armor: Leather armour    |    10 |       |       ||    10
       Chain mail        |    46 |    78 |    38 ||   162
Dodge: Dodged            |    47 |    82 |    38 ||   167

Table legend: (Time is in decaauts)
 A = Elapsed time spent in this place.
 B = Non-inter-level travel time spent in this place.
 C = Inter-level travel time spent in this place.
 D = Time resting spent in this place.
 E = Time spent auto-exploring this place.
 F = Levels seen in this place.
 G = Mean time per level.
                   A        B        C        D        E       F      G
               +--------+--------+--------+--------+--------+-----+--------+
         Total |   6206 |   5902 |    304 |   1635 |   3079 |   5 | 1241.2 |
       Dungeon |   6206 |   5902 |    304 |   1635 |   3079 |   5 | 1241.2 |
               +--------+--------+--------+--------+--------+-----+--------+

Top non-repeatable levels by time:
     D:4: 1688 daAuts
     D:3: 1669 daAuts
     D:1: 1232 daAuts
     D:2: 924 daAuts
     D:5: 691 daAuts
